 Dungeon Crawl Stone Soup version 0.20-a0-556-g892c87b (webtiles) character file.

2 drasked the Sneak (level 1, 0/9 HPs)
             Began as a Spriggan Enchanter on Feb 4, 2017.
             Slain by a kobold (4 damage)
             ... on level 1 of the Dungeon.
             The game lasted 00:00:31 (117 turns).

drasked the Sneak (Spriggan Enchanter)               Turns: 117, Time: 00:00:32

Health: 0/9        AC:  2    Str:  4    XL:     1   Next: 33%
Magic:  5/5        EV: 18    Int: 16    God:
Gold:   0          SH:  0    Dex: 16    Spells: 4/5 levels left

rFire    . . .     SeeInvis +   a - +1 dagger
rCold    . . .     Gourm    .   b - +0 robe
rNeg     . . .     Faith    .   (shield restricted)
rPois    .         Spirit   .   (helmet restricted)
rElec    .         Reflect  .   (no cloak)
rCorr    .         Harm     .   (gloves unavailable)
MR       .....                  (boots unavailable)
Stlth    +++.......             (no amulet)
Regen    0.1/turn               (no ring)
                                (no ring)

@: very quick
A: unfitting armour, see invisible, herbivore 3, speed 3, slow metabolism 2
a: no special abilities


You were on level 1 of the Dungeon.
You were not hungry.

You visited 1 branch of the dungeon, and saw 1 of its levels.

Inventory:

Hand Weapons
 a - a +1 dagger (weapon)
Armour
 b - a +0 robe (worn)
Jewellery
 g - an uncursed ring of flight {unknown}
   (You found it on level 1 of the Dungeon)
Scrolls
 e - a scroll of blinking {unknown}
Potions
 f - a potion of invisibility {unknown}
Books
 c - a book of Maledictions
Comestibles
 d - 2 bread rations {@e1}


   Skills:
 + Level 1.1 Short Blades
 + Level 3.1 Dodging
 + Level 4.4 Stealth
 * Level 2.7 Spellcasting
 + Level 3.7 Hexes


You had 4 spell levels left.
You knew the following spells:

 Your Spells              Type           Power        Failure   Level  Hunger
v - Corona                Hex            ##.....      6%          1    #......


Dungeon Overview and Level Annotations

Branches:
Dungeon (1/15)

Altars:


Innate Abilities, Weirdness & Mutations

You are very small and have problems with some larger weapons.
You are too small for most types of armour.
You have supernaturally acute eyesight. (SInv)
You are a herbivore.
You cover ground extremely quickly.
You need consume almost no food.


Message History

Welcome, drasked the Spriggan Enchanter.
It is said that the Orb of Zot exists deep within this dungeon.
Found 15 stones and a robe.
Found a staircase leading out of the dungeon.
e - a scroll labeled PAOVOPS SUVAX
f - a fuming inky potion 2 frilled lizards come into view.
The frilled lizard hisses angrily.
The helpless frilled lizard fails to defend itself.
You puncture the frilled lizard!
You kill the frilled lizard!
The frilled lizard bites you but does no damage.
You hit the frilled lizard. The frilled lizard misses you.
You hit the frilled lizard.
You kill the frilled lizard!
No target in view!
No target in view!
You see here a frilled lizard corpse.
g - a knobbly agate ring A rat comes into view.
Found a stone staircase leading down.
You see here a bread ration {@e1}.
The helpless rat fails to defend itself.
You impale the rat!!
You kill the rat!
d - 2 bread rations {@e1} (gained 1)
A kobold comes into view. It is wielding a dagger.
A kobold is nearby!
A kobold is nearby!
The kobold shouts!
The kobold closely misses you.
You miss the kobold. The kobold closely misses you.
You hit the kobold but do no damage. The kobold barely misses you.
A kobold comes into view.
You barely miss the kobold. The kobold closely misses you.
The kobold shouts!
You hit the kobold.
You kill the kobold!
The kobold throws a stone.
The stone misses you. The kobold barely misses you.
You hit the kobold but do no damage. The kobold misses you.
You barely miss the kobold. The kobold completely misses you.
You hit the kobold. The kobold hits you.
You take 2 damage, and have 7/9 hp.
MASSIVE DAMAGE!!
You completely miss the kobold. The kobold completely misses you.
You hit the kobold but do no damage. The kobold hits you but does no damage.
You barely miss the kobold. The kobold hits you but does no damage.
You barely miss the kobold. The kobold misses you.
You barely miss the kobold. The kobold closely misses you.
You hit the kobold. The kobold hits you.
You take 3 damage, and have 4/9 hp.
MASSIVE DAMAGE!!
The kobold throws a stone.
The stone completely misses you.
You are too injured to fight recklessly!
You are too injured to fight recklessly!
You hit the kobold but do no damage. The kobold barely misses you.
You hit the kobold but do no damage. The kobold hits you.
You die...

..........####
.........## #.).....
.........# #......♣ .
.........# #......♣♣.
.........# #........
........+## #......♣♣
..........####.......♣♣
#.###.........()......♣
♣.###........@K.......♣
...............?.....#
######..........####.#
#..........## #
#......P.P.P#
#.....P♣♣♣.P#.
#.......♣♣.P..
#.......P.P..##
#.......P...##


You could see a kobold.

Vanquished Creatures
  2 frilled lizards (D:1)
  A kobold (D:1)
  A rat (D:1)
4 creatures vanquished.

Notes
Turn   | Place    | Note
-------+----------+-------------------------------------------
     0 | D:1      | drasked the Spriggan Enchanter began the quest for the Orb.
     0 | D:1      | Reached XP level 1. HP: 9/9 MP: 5/5
   117 | D:1      | Slain by a kobold

Vault maps used:
D:1:      dpeg_chamrin_arrival_tetris, serial_forest,
          infiniplex_forest_lined_room_3, infiniplex_forest_clump_double,
          infiniplex_forest_clump_diagonal, infiniplex_forest_end_2,
          infiniplex_forest_clump_small, infiniplex_forest_clump_small,
          infiniplex_forest_3_way

Action                   || total
-------------------------++-------
Melee: Dagger            ||    19
 Stab: Sleeping          ||     2
Armor: Robe              ||     3
Dodge: Dodged            ||    14

Vault maps used:
D:1:      dpeg_chamrin_arrival_tetris, serial_forest,
          infiniplex_forest_lined_room_3, infiniplex_forest_clump_double,
          infiniplex_forest_clump_diagonal, infiniplex_forest_end_2,
          infiniplex_forest_clump_small, infiniplex_forest_clump_small,
          infiniplex_forest_3_way

Table legend:
 A = Turns spent in this place as a percentage of turns spent in the entire game.
 B = Non-inter-level travel turns spent in this place as a percentage of non-inter-level travel turns spent in the entire game.
 C = Inter-level travel turns spent in this place as a percentage of turns spent in this place.
 D = Turns resting spent in this place as a percentage of non-inter-level travel turns spent in this place.
 E = Turns spent auto-exploring this place as a percentage of non-inter-level travel turns spent in this place.
 F = Non-inter-level travel turns spent in this place divided by the number of levels of this place that you've seen.
                   A       B       C       D       E      F
               +-------+-------+-------+-------+-------+----------------------
         Total | 100.0 | 100.0 |   0.0 |   0.0 |   9.0 |  67.0
       Dungeon | 100.0 | 100.0 |   0.0 |   0.0 |   9.0 |  67.0
               +-------+-------+-------+-------+-------+----------------------

Table legend:
 A = Kills in this place as a percentage of kills in entire the game.
 B = Kills by you in this place as a percentage of kills by you in the entire game.
 C = Kills by friends in this place as a percentage of kills by friends in the entire game.
 D = Other kills in this place as a percentage of other kills in the entire game.
 E = Experience gained in this place as a percentage of experience gained in the entire game.
 F = Experience gained in this place divided by the number of levels of this place that you have seen.
                   A       B       C       D       E      F
               +-------+-------+-------+-------+-------+----------------------
         Total | 100.0 | 100.0 |  -nan |  -nan | 100.0 |   4.0
       Dungeon | 100.0 | 100.0 |  -nan |  -nan | 100.0 |   4.0
               +-------+-------+-------+-------+-------+----------------------
